 Dungeon Crawl Stone Soup version 0.24-a0-420-g24607be (webtiles) character file.

Game seed: 10498211591456595967

524015 SteelSquire the Executioner (level 25, -13/226 (233) HPs)
             Began as a Hill Orc Fighter on June 6, 2019.
             Was the Champion of Beogh.
             Mangled by a death scarab (17 damage)
             ... summoned by a greater mummy
             ... on level 2 of the Tomb of the Ancients on June 11, 2019.
             The game lasted 09:45:44 (48226 turns).

SteelSquire the Executioner (Hill Orc Fighter)     Turns: 48226, Time: 09:45:45

HP:   -13/226 (233) AC: 45    Str: 42    XL:     25   Next: 39%
MP:   33/33         EV: 10    Int: 21    God:    Beogh [******]
Gold: 6100          SH: 35    Dex: 17    Spells: 37/38 levels left

rFire    + + .     SeeInvis +   p - +7 broad axe (flame)
rCold    . . .     Gourm    .   K - +2 large shield of Kindness {*Drain +Fly Str+9}
rNeg     . . .     Faith    .   U - +11 plate armour of the King {Int+2}
rPois    +         Spirit   .   l - +2 helmet
rElec    +         Reflect  +   D - -1 cloak "Haom" {rF+ rCorr Int+4}
rCorr    +         Harm     .   d - +2 pair of gloves {archery}
MR       ++...                  n - +0 pair of boots of the Republic {Regen+ Int+3 SInv} (curse)
Stlth    ..........             c - +4 amulet of reflection
HPRegen  0.87/turn              w - ring of Agnosticism {rPois AC+1 Slay+2}
MPRegen  0.23/turn              u - ring of Gycsosh {rF+ MR+ Str+4 Int+3 Dex+4}

@: marked, slowed, very slow
A: walk on water, iridescent scales 1, yellow scales 1, agile 1, electricity
resistance
}: 3/15 runes: barnacled, silver, gossamer
a: Smiting, Recall Orcish Followers, Give Item to Named Follower, Resurrection,
Renounce Religion, Evoke Flight


You were on level 2 of the Tomb of the Ancients.
You worshipped Beogh.
Beogh was exalted by your worship.
You were not hungry.

You visited 12 branches of the dungeon, and saw 47 of its levels.
You visited 1 bazaar.
You also visited: Bailey, Gauntlet, Ice Cave and Wizlab.

You collected 8169 gold pieces.
You spent 2069 gold pieces at shops.

Inventory:

Hand Weapons
 p - a +7 broad axe of flaming (weapon)
 P - the +10 quarterstaff "Ogrebane" {drain, -Tele rElec Dex+3 Stlth+}
   (You took it off a deep elf mage on level 3 of the Elven Halls)

   A truly terrible weapon, it drains the life of those it strikes.
   It affects your dexterity (+3).
   It insulates you from electricity.
   It prevents most forms of teleportation.
   It makes you more stealthy.
Missiles
 W - 16 silver boomerangs (quivered)
Armour
 d - a +2 pair of gloves of archery (worn)
 j - the +5 chain mail of Chimes {+Fly rN++ Int-4 Stlth+}
   (You found it on level 13 of the Dungeon)

   It affects your intelligence (-4).
   It greatly protects you from negative energy.
   It lets you fly.
   It makes you more stealthy.
 k - the +1 cloak of Starlight {rElec rC+ EV+4 Stlth--}
   (You found it on level 3 of the Elven Halls)

   It affects your evasion (+4).
   It protects you from cold.
   It insulates you from electricity.
   It makes you much less stealthy.
 l - a +2 helmet (worn)
 n - the cursed +0 pair of boots of the Republic (worn) {Regen+ Int+3 SInv}
   (You found it in a Gauntlet)

   It affects your intelligence (+3).
   It lets you see invisible.
   It increases your rate of regeneration.
   It has a curse placed upon it.
 D - the -1 cloak "Haom" (worn) {rF+ rCorr Int+4}
   (You bought it in a shop in a bazaar)

   It affects your intelligence (+4).
   It protects you from fire.
   It provides partial protection from all sources of acid and corrosion.
 E - the +1 pair of boots of Wrong Decisions {rPois Int+3}
   (You acquired it on level 1 of the Elven Halls)

   It affects your intelligence (+3).
   It protects you from poison.
 K - the +2 large shield of Kindness (worn) {*Drain +Fly Str+9}
   (You found it on level 1 of the Tomb of the Ancients)

   It affects your strength (+9).
   It lets you fly.
   It causes draining when unequipped.
 U - the +11 plate armour of the King (worn) {Int+2}
   (You bought it in a shop on level 2 of the Orcish Mines)

   It affects your intelligence (+2).
Jewellery
 c - a +4 amulet of reflection (around neck)
 q - an uncursed ring of poison resistance
 u - the ring of Gycsosh (right hand) {rF+ MR+ Str+4 Int+3 Dex+4}
   (You found it on level 14 of the Dungeon)

   [ring of protection from fire]

   It affects your strength (+4).
   It affects your intelligence (+3).
   It affects your dexterity (+4).
   It protects you from fire.
   It affects your resistance to hostile enchantments.
 w - the ring of Agnosticism (left hand) {rPois AC+1 Slay+2}
   (You found it in a Gauntlet)

   [ring of protection]

   It affects your AC (+1).
   It affects your accuracy and damage with ranged weapons and melee attacks
   (+2).
   It protects you from poison.
 F - the amulet of the Pure Spreadsheets {rElec rN++ Regen+ Str-5}
   (You found it on level 3 of the Crypt)

   [amulet of regeneration]

   It affects your strength (-5).
   It insulates you from electricity.
   It greatly protects you from negative energy.
   It increases your rate of regeneration.
 M - the ring "Viebal" {rC+ rN+ MP-9 Int+3 SInv}
   (You found it on level 2 of the Shoals)

   [ring of protection from cold]

   It affects your intelligence (+3).
   It protects you from cold.
   It protects you from negative energy.
   It affects your magic capacity (-9).
   It lets you see invisible.
 V - the ring "Qapsem" {rElec rPois rF- Dex+2 Stlth-}
   (You took it off a frost giant on level 5 of the Vaults)

   [ring of attention]

   It affects your dexterity (+2).
   It makes you vulnerable to fire.
   It insulates you from electricity.
   It protects you from poison.
   It makes you less stealthy.
 Y - an uncursed amulet of guardian spirit
Wands
 b - a wand of flame (33)
 H - a wand of digging (5)
 O - a wand of clouds (8)
 T - a wand of acid (20)
 X - a wand of iceblast (39)
Scrolls
 e - 4 scrolls of fog
 h - 19 scrolls of identify
 o - 20 scrolls of teleportation
 r - 30 scrolls of remove curse
 y - 7 scrolls of fear
 z - a scroll of brand weapon
 I - 14 scrolls of enchant armour
 J - 2 scrolls of magic mapping
 L - 5 scrolls of enchant weapon
 Q - 7 scrolls of summoning
 S - 3 scrolls of blinking
Potions
 a - 4 potions of cancellation
 g - 17 potions of curing
 m - 9 potions of flight
 t - 12 potions of might
 v - 3 potions of resistance
 x - a potion of experience
 A - 8 potions of invisibility
 G - 4 potions of berserk rage
 R - 8 potions of haste
Miscellaneous
 s - a phial of floods (inert)
 N - a lightning rod (3/4)
Comestibles
 f - 68 rations


   Skills:
 + Level 20.6 Fighting
 + Level 24.2 Axes
 - Level 2.5 Throwing
 * Level 19.1 Armour
 - Level 1.7 Dodging
 - Level 6.1 Stealth
 + Level 23.3 Shields
 + Level 1.8 Unarmed Combat
 + Level 7.2 Spellcasting
 + Level 7.5 Conjurations
 + Level 14.0 Invocations
 + Level 8.8 Evocations


You had 37 spell levels left.
You knew the following spells:

 Your Spells              Type           Power        Failure   Level  Hunger
a - Magic Dart            Conj           ####         1%          1    None

Your spell library contained the following spells:

 Spells                   Type           Power        Failure   Level  Hunger
 Searing Ray              Conj           #####.       1%          2    None
 Flame Tongue             Conj/Fire      ###..        7%          1    None
 Shock                    Conj/Air       ###.         7%          1    None
 Throw Flame              Conj/Fire      ###...       10%         2    None
 Iskenderun's Mystic Bla  Conj           #####...     14%         4    ###....
 Conjure Flame            Conj/Fire      ###.....     21%         3    None
 Dazzling Spray           Conj/Hex       ###...       21%         3    None
 Static Discharge         Conj/Air       ###.....     21%         3    None
 Stone Arrow              Conj/Erth      ###...       21%         3    None
 Animate Skeleton         Necr           N/A          30%         1    None
 Apportation              Tloc           #.....       30%         1    None
 Beastly Appendage        Tmut           #.....       30%         1    None
 Confusing Touch          Hex            #.....       30%         1    None
 Pain                     Necr           #...         30%         1    None
 Sandblast                Erth           #.....       30%         1    None
 Summon Butterflies       Summ           #.......     30%         1    None
 Summon Small Mammal      Summ           #...         30%         1    None
 Mephitic Cloud           Conj/Pois/Air  ###.....     32%         3    None
 Blink                    Tloc           N/A          43%         2    None
 Call Imp                 Summ           #.......     43%         2    None
 Passwall                 Tmut/Erth      #.......     43%         2    None
 Slow                     Hex            #.......     43%         2    None
 Sticks to Snakes         Tmut           #.......     43%         2    None
 Swiftness                Chrm/Air       #.......     43%         2    None
 Force Lance              Conj/Tloc      ###.....     54%         4    ###....
 Fulminant Prism          Conj/Hex       ###.......   54%         4    ###....
 Sticky Flame             Conj/Fire      ###.....     54%         4    ###....
 Throw Icicle             Conj/Ice       ###.....     54%         4    ###....
 Call Canine Familiar     Summ           #.......     67%         3    None
 Confuse                  Hex            #.......     67%         3    None
 Gell's Gravitas          Tloc           #.........   67%         3    None
 Inner Flame              Hex/Fire       #.......     67%         3    None
 Recall                   Summ/Tloc      N/A          67%         3    None
 Regeneration             Chrm/Necr      #.........   67%         3    None
 Spider Form              Tmut/Pois      #.........   67%         3    None
 Summon Guardian Golem    Hex/Summ       #.......     67%         3    None
 Vampiric Draining        Necr           #.........   67%         3    None
 Bolt of Draining         Conj/Necr      ###.......   88%         5    #####..
 Fireball                 Conj/Fire      ###.......   88%         5    #####..
 Irradiate                Conj/Tmut      ###.......   88%         5    #####..
 Lightning Bolt           Conj/Air       ###.......   88%         5    #####..
 Venom Bolt               Conj/Pois      ###.......   88%         5    #####..
 Airstrike                Air            #.........   97%         4    ###....
 Animate Dead             Necr           N/A          97%         4    ###....
 Cause Fear               Hex            #.........   97%         4    ###....
 Ice Form                 Ice/Tmut       #.......     97%         4    ###....
 Petrify                  Tmut/Erth      #.......     97%         4    ###....
 Summon Ice Beast         Ice/Summ       #.......     97%         4    ###....
 Summon Lightning Spire   Summ/Air       #.......     97%         4    ###....
 Bolt of Magma            Conj/Fire/Erth ###.......   97%         5    #####..
 Aura of Abjuration       Summ           #.........   100%        5    #####..
 Blade Hands              Tmut           #.........   100%        5    #####..
 Borgnjor's Vile Clutch   Necr/Erth      #.........   100%        5    #####..
 Excruciating Wounds      Chrm/Necr      #.........   100%        5    #####..
 Lee's Rapid Deconstruct  Erth           #.........   100%        5    #####..
 Metabolic Englaciation   Hex/Ice        #.........   100%        5    #####..
 Silence                  Hex/Air        #.........   100%        5    #####..
 Summon Demon             Summ           #.........   100%        5    #####..
 Summon Forest            Summ/Tloc      #.........   100%        5    #####..
 Summon Mana Viper        Hex/Summ       #.......     100%        5    #####..
 Yara's Violent Unravell  Hex/Tmut       #.........   100%        5    #####..
 Bolt of Cold             Conj/Ice       ###.......   100%        6    ######.
 Bolt of Fire             Conj/Fire      ###.......   100%        6    ######.
 Conjure Ball Lightning   Conj/Air       ###.......   100%        6    ######.
 Death Channel            Necr           #.........   100%        6    ######.
 Deflect Missiles         Chrm/Air       #.........   100%        6    ######.
 Freezing Cloud           Conj/Ice/Air   ###.......   100%        6    ######.
 Ozocubu's Refrigeration  Ice            #.........   100%        6    ######.
 Shadow Creatures         Summ           N/A          100%        6    ######.
 Simulacrum               Ice/Necr       #.........   100%        6    ######.
 Statue Form              Tmut/Erth      #........    100%        6    ######.
 Dragon Form              Tmut           #.........   100%        7    #######
 Haunt                    Necr/Summ      #.........   100%        7    #######
 Spellforged Servitor     Conj/Summ      ###.......   100%        7    #######
 Summon Hydra             Summ           #.........   100%        7    #######
 Discord                  Hex            #.........   100%        8    #######
 Ignition                 Fire           #.........   100%        8    #######
 Dragon's Call            Summ           #.........   100%        9    #######
 Shatter                  Erth           #.........   100%        9    #######
 Tornado                  Air            #.........   100%        9    #######


Dungeon Overview and Level Annotations

Branches:
Dungeon (15/15)            Temple (1/1) D:4            Lair (6/6) D:8
 Shoals (4/4) Lair:4       Spider (4/4) Lair:2        Slime (1/5) Lair:5
    Orc (2/2) D:12            Elf (3/3) Orc:2        Vaults (5/5) D:14
  Crypt (3/3) Vaults:2       Tomb (2/3) Crypt:3      Depths (1/5) D:15

Altars:
Ashenzari
Cheibriados
Dithmenos
Elyvilon
Fedhas
Gozag
Hepliaklqana
Kikubaaqudgha
Makhleb
Nemelex Xobeh
Okawaru
Qazlal
Ru
Sif Muna
Trog
Uskayaw
Vehumet
Wu Jian
Xom
Yredelemnul
Zin
The Shining One
Beogh

Shops:
D:9 =   Orc:2 ([:!   Elf:1 ?   Elf:3 =}=   Shoals:3 [   Vaults:1 :   Vaults:2 }
Depths:1 =*

Portals:
Hell: Depths:1

Annotations:
Elf:3 exclusion: Roxanne, Roxanne
Tomb:2 Saint Roka


Innate Abilities, Weirdness & Mutations

You can walk on water.
You are partially covered in iridescent scales. (AC +2)
You are partially covered in yellow scales. (AC +2)
You are agile. (Dex +2)
You are resistant to electric shocks. (rElec)


Message History

* * * LOW HITPOINT WARNING * * *
The greater mummy casts a spell.
You slice the death scarab!! You burn the death scarab!
You destroy the death scarab!
The death scarab's corpse disappears in a puff of smoke!
You hit the death scarab. You burn the death scarab.
You slash the death scarab! You burn the death scarab!
You hit the death scarab. You burn the death scarab.
You closely miss the death scarab.
The death scarab bites you but does no damage.
The death scarab bites you.
* * * LOW HITPOINT WARNING * * *
The death scarab draws strength from your injuries!
You block the death scarab's attack. The death scarab bites you!!
* * * LOW HITPOINT WARNING * * *
The death scarab drains your vigour!
You feel as though you will be slow longer.
The death scarab draws strength from your injuries!
You block the death scarab's attack. The death scarab bites you!
You die...

#....................^.#
#......##^....##.......#
#....<###..#..###..^...#
#...Z###...#...###.....#
#...###$........###....#
#...##...........##....#
#...........)..........'
#......ss..............#
#.....§@s....M.........#
#....##ss....M..##..z^.#
#....##s.[......##.....#
#....##.[.......##.z...#
#..[.M..s.##.##..#
#..[.s4...##.s..M#
#.......M.##M....#
#......MM.##..M..#
..........MM.sM§.§#


You could see 2 greater mummies, an emperor scorpion, 2 mummy priests, a
guardian mummy, a chaos spawn, 7 death scarabs and a mummy.

Vanquished Creatures
  Mara (Vaults:3)
  2 ancient liches
  A greater mummy (Tomb:2)
  Sojobo (Crypt:2)
  Margery (Crypt:3)
  2 golden dragons (Vaults:5)
  A bone dragon (Crypt:3)
  3 liches
  A tentacled monstrosity (Vaults:5)
  2 titans (Vaults:5)
  A deep elf master archer (Elf:3)
  2 deep elf blademasters
  2 ancient champions
  A kraken (Shoals:3)
  A shadow dragon (Vaults:5)
  5 sphinxes
  3 tengu reavers
  2 revenants
  A storm dragon (Vaults:5)
  4 iron dragons (Vaults:5)
  3 frost giants
  12 vault wardens
  A balrug (Depths:1)
  A fire giant (Vaults:4)
  5 deep elf sorcerers
  2 deep elf elementalists (Elf:3)
  Aizul (Spider:2)
  A curse skull (Crypt:2)
  6 emperor scorpions
  4 ghouls
  2 war gargoyles (Crypt:3)
  7 ironheart preservers
  3 entropy weavers
  5 stone giants
  A dire elephant (Lair:6)
  5 deep elf demonologists (Elf:3)
  A minotaur (Gauntlet)
  3 vampire knights
  5 deep elf annihilators
  Azrael (D:15)
  2 merfolk javelineers
  An ettin (Vaults:1)
  7 deep elf death magi
  An eidolon (Crypt:1)
  8 mummy priests
  4 merfolk impalers
  4 fire dragons
  2 deep elf high priests
  4 ice dragons
  4 crystal guardians
  A great orb of eyes (shapeshifter) (Vaults:5)
  11 hydras
  7 yaktaur captains
  2 rakshasas (Vaults:2)
  8 vault guards
  5 great orbs of eyes
  An orc sorcerer (Vaults:2)
  An alligator snapping turtle (Shoals:3)
  3 death knights
  2 merfolk avatars (Shoals:4)
  4 catoblepae
  14 dancing weapons
  27 two-headed ogres
  2 merfolk aquamancers
  8 centaur warriors
  A tengu warrior (Depths:1)
  2 deep troll shamans
  9 ogre magi
  3 death scarabs (Tomb:2)
  A titan zombie (Crypt:3)
  11 death yaks
  5 vampire magi
  An orc high priest (Elf:1)
  11 hell knights (Crypt:3)
  A soul eater (Crypt:1)
  15 deep elf knights
  A fire crab (Gauntlet)
  A storm dragon skeleton (Crypt:3)
  30 skeletal warriors
  12 deep trolls
  A flayed ghost (Crypt:1)
  2 shadow wraiths (Vaults:2)
  5 unseen horrors
  7 sea snakes
  7 wizards
  A shadow dragon zombie (Crypt:3)
  15 deep elf archers
  2 phantasmal warriors (Crypt:1)
  An anaconda skeleton (Crypt:3)
  An orange crystal statue (Depths:1)
  A wolf spider zombie (Crypt:3)
  8 ironbrand convokers
  4 orc knights
  10 orb spiders
  2 harpies (shapeshifter)
  28 wolf spiders
  11 necromancers
  15 harpies
  13 manticores
  An oklob plant (Gauntlet)
  6 cyclopes
  54 deep elf magi
  A fire giant zombie (Vaults:2)
  A shadow dragon skeleton (Vaults:3)
  4 fauns
  13 ugly things
  5 slime creatures
  A manticore (shapeshifter) (Vaults:5)
  6 merfolk sirens
  2 frost giant skeletons
  2 iron dragon skeletons
  A moth of wrath (Spider:1)
  A black mamba (Lair:1)
  5 water nymphs
  A black mamba (shapeshifter) (Vaults:1)
  2 centaur zombies (D:14)
  An eye of devastation (Slime:1)
  6 elephants
  3 torpor snails
  2 ice statues (IceCv)
  A guardian serpent (shapeshifter) (Vaults:1)
  7 spiny frogs
  4 vault sentinels
  3 kobold demonologists
  8 komodo dragons
  2 rime drakes (Elf:2)
  23 yaktaurs
  3 freezing wraiths
  17 demonic crawlers
  A dire elephant skeleton (Crypt:3)
  A golden dragon simulacrum (Crypt:2)
  4 wind drakes
  14 guardian mummies
  A shadow dragon simulacrum (Vaults:5)
  A troll (shapeshifter) (Vaults:5)
  18 merfolk
  A jumping spider (shapeshifter) (Vaults:5)
  13 polar bears
  30 jumping spiders
  10 trolls
  7 hornets
  Grinder (D:5)
  5 snapping turtles
  23 blink frogs
  6 hippogriffs
  A bog body (Vaults:2)
  A raiju (shapeshifter) (Vaults:5)
  An alligator zombie (Crypt:3)
  A fire giant simulacrum (Vaults:1)
  A frost giant simulacrum (Vaults:3)
  3 dream sheep (Shoals:4)
  2 ice dragon zombies
  73 redbacks
  An ettin skeleton (Vaults:3)
  43 flying skulls
  An ice dragon skeleton (Crypt:3)
  A shadow (Vaults:2)
  33 tarantellas
  4 vampires (WizLab)
  3 air elementals (Elf:3)
  7 wraiths
  26 yaks
  A dire elephant simulacrum (Tomb:2)
  16 water elementals
  3 wyverns
  A fire dragon skeleton (Crypt:3)
  5 ushabtiu
  5 fire bats (Gauntlet)
  4 basilisks
  2 hogs (D:15)
  A steam dragon (shapeshifter) (Vaults:5)
  2 yaktaur simulacra (Vaults:2)
  5 fire elementals
  A human simulacrum (Vaults:3)
  A hungry ghost (D:5)
  A spatial vortex (Elf:3)
  8 wargs
  4 vampire mosquitoes
  6 acid dragons
  A soldier ant (D:14)
  4 porcupines
  7 hell hounds
  6 orc warriors
  12 water moccasins
  3 ice beasts
  An ettin simulacrum (Vaults:2)
  3 sky beasts
  An ice dragon simulacrum (Crypt:2)
  36 ogres
  3 phantoms
  A black bear (Lair:6)
  3 necrophages (Crypt:3)
  A hornet zombie (D:5)
  A blink frog zombie (Crypt:2)
  2 boggarts
  27 wolves
  An eye of draining (Slime:1)
  4 big kobolds
  12 centaurs
  12 crocodiles
  2 human zombies
  A rime drake skeleton (Crypt:1)
  2 gnoll sergeants (D:8)
  15 bullfrogs
  A human skeleton (Vaults:2)
  A wyvern zombie (D:14)
  A yaktaur skeleton (Crypt:1)
  3 earth elementals
  A wyvern skeleton (D:8)
  A yak zombie (Crypt:1)
  11 troll zombies (WizLab)
  5 scorpions
  14 killer bees
  11 wights
  5 howler monkeys
  4 electric eels
  A crimson imp (D:9)
  2 bullfrog zombies
  6 jellies
  7 hounds
  A gnoll shaman (D:8)
  10 orc priests
  10 orc wizards
  2 bullfrog skeletons
  4 centaur skeletons
  Terence (D:2)
  An iguana (D:6)
  9 worker ants
  A killer bee zombie (D:9)
  4 ogre zombies (WizLab)
  A hound skeleton (D:6)
  17 mummies
  A worker ant zombie (D:6)
  14 gnolls
  15 adders
  An ogre simulacrum (Crypt:2)
  6 shadow imps
  An adder skeleton (D:7)
  A lava snake skeleton (Crypt:2)
  8 worms
  5 dart slugs
  6 leopard geckos
  28 orcs
  2 bats (D:1)
  3 giant cockroaches
  13 hobgoblins
  9 jackals
  14 kobolds
  4 quokkas
  3 ball pythons
  A ball python zombie (Crypt:2)
  5 frilled lizards
  10 goblins
  A goblin zombie (Crypt:2)
  2 leopard gecko skeletons
  A quokka skeleton (Crypt:2)
  A quokka zombie (D:5)
  7 rats
  2 bushes (Shoals:1)
  A crawling corpse (Elf:3)
  A fungus (Lair:6)
  11 plants
  2 tentacles (Shoals:3)
1542 creatures vanquished.

Vanquished Creatures (collateral kills)
  Mennas (Vaults:4)
  2 greater mummies (Tomb:1)
  The ghost of Mator the Hoplite, a veteran MiFi of the Shining One (Vaults:2)
  Bai Suzhen (Crypt:1)
  Arachne (Spider:3)
  A lich (Vaults:5)
  A tentacled monstrosity (Vaults:5)
  A titan (Vaults:5)
  6 sphinxes
  A deep elf blademaster (Elf:3)
  2 ancient champions
  2 shadow dragons (Vaults:5)
  6 tengu reavers
  Kirke (D:15)
  Donald (Vaults:4)
  2 revenants
  An azure jelly (shapeshifter) (Vaults:5)
  A fire giant (Vaults:5)
  5 frost giants
  2 iron dragons (Vaults:5)
  A curse skull (Crypt:2)
  4 vault wardens
  2 deep elf sorcerers (Elf:3)
  2 ghouls
  3 emperor scorpions
  4 deep elf elementalists (Elf:3)
  3 stone giants
  3 very ugly things (Vaults:5)
  A vampire knight (Depths:1)
  8 ironheart preservers
  A war gargoyle (Crypt:3)
  4 deep elf demonologists
  7 deep elf annihilators (Elf:3)
  A minotaur (shapeshifter) (Vaults:2)
  3 ettins (Vaults:5)
  5 mummy priests
  2 merfolk impalers (Shoals:4)
  4 eidola
  A deep elf high priest (Vaults:5)
  2 deep elf death magi
  3 jiangshi (Crypt:1)
  2 great orbs of eyes (Vaults:2)
  4 ogre magi
  26 vault guards
  3 ice dragons
  3 hydras
  A quicksilver dragon skeleton (Crypt:1)
  2 rakshasas (Depths:1)
  14 two-headed ogres
  16 dancing weapons
  2 death scarabs (Tomb:2)
  4 death knights
  2 centaur warriors
  A satyr (Shoals:4)
  A tengu warrior (D:13)
  A titan zombie (Vaults:2)
  A deep troll earth mage (Depths:1)
  9 deep elf knights
  A vampire mage (Elf:1)
  21 skeletal warriors
  2 wizards
  2 iron trolls (Depths:1)
  3 unseen horrors
  5 deep trolls
  A flayed ghost (Vaults:2)
  2 sea snakes
  An orange crystal statue (D:15)
  5 ironbrand convokers
  3 necromancers
  6 phantasmal warriors
  14 deep elf archers
  6 orb spiders (Spider:4)
  A fire giant zombie (Vaults:5)
  An orb spider (shapeshifter) (D:15)
  12 orc knights
  2 harpies (Shoals:4)
  A frost giant zombie (Vaults:1)
  An iron dragon zombie (Vaults:2)
  A stone giant zombie (Vaults:2)
  3 wolf spiders
  5 cyclopes
  27 deep elf magi
  6 manticores
  21 ugly things
  A salamander (Depths:1)
  2 frost giant skeletons (Vaults:5)
  A moth of wrath (Spider:4)
  A dire elephant zombie (Tomb:1)
  A spriggan zombie (Depths:1)
  2 black mambas
  A water nymph (Shoals:4)
  3 centaur zombies
  2 guardian serpents (shapeshifter)
  5 vault sentinels
  3 spiny frogs (Lair:4)
  A gargoyle (D:12)
  A spiny frog (shapeshifter) (Depths:1)
  A storm dragon simulacrum (Vaults:3)
  2 rime drakes (Lair:4)
  3 kobold demonologists
  A catoblepas zombie (Crypt:2)
  3 demonic crawlers (Spider:4)
  2 efreet (D:14)
  2 komodo dragons
  9 yaktaurs
  A pale draconian skeleton (Crypt:2)
  A minotaur skeleton (Crypt:1)
  2 red devils (Depths:1)
  4 tengu conjurers
  A hellwing (Depths:1)
  2 freezing wraiths
  4 guardian mummies
  3 merfolk
  5 jumping spiders
  A queen bee (D:10)
  9 trolls
  A sphinx simulacrum (Vaults:3)
  5 hornets
  A polar bear (shapeshifter) (Vaults:1)
  9 blink frogs
  6 slime creatures
  A satyr zombie (Crypt:1)
  A human simulacrum (Vaults:1)
  A shadow (D:13)
  2 tarantellas
  14 redbacks
  5 wraiths
  An ushabti (Tomb:1)
  A water elemental (Shoals:3)
  2 wyverns
  2 yaks
  2 fire elementals (D:15)
  4 hogs (D:15)
  A basilisk (Lair:2)
  4 hungry ghosts
  A yaktaur simulacrum (Vaults:5)
  A spriggan skeleton (Depths:1)
  A vampire mosquito (D:14)
  5 wargs
  15 orc warriors
  An ice beast (D:14)
  2 sky beasts
  An eye of draining (D:13)
  17 ogres
  2 boggarts
  2 centaurs
  A human skeleton (Vaults:1)
  5 wolves
  A hog skeleton (Crypt:1)
  2 big kobolds
  A gnoll sergeant (D:8)
  An earth elemental (Elf:2)
  3 bullfrogs
  A wyvern zombie (D:14)
  5 killer bees
  5 wights
  3 crimson imps (D:14)
  4 orc wizards
  3 hounds
  A bullfrog skeleton (D:13)
  3 orc priests
  4 centaur skeletons
  A demonspawn skeleton (Crypt:2)
  4 worker ants
  A tengu zombie (Crypt:2)
  A felid zombie (Crypt:2)
  5 mummies
  A hound skeleton (D:10)
  2 gnolls (D:8)
  A shadow imp (D:13)
  A lava snake zombie (Crypt:1)
  22 orcs
  A goblin (D:14)
  2 hobgoblins (D:8)
  5 kobolds
  A quokka zombie (D:10)
  2 crawling corpses (Vaults:3)
  7 fungi
  13 plants
  5 withered plants (D:14)
657 creatures vanquished.

Vanquished Creatures (others)
  Saint Roka (Tomb:2)
  4 orc warlords
  2 deep elf master archers (Elf:3)
  Polyphemus (Shoals:4)
  A stone giant (Orc:1)
  A deep elf high priest (Elf:3)
  4 orc sorcerers
  A centaur warrior (Vaults:1)
  A merfolk aquamancer (Shoals:3)
  4 orc high priests
  38 orc knights
  An ironbrand convoker (Vaults:5)
  3 deep elf archers
  An orb spider (Spider:2)
  A deep elf mage (Elf:3)
  A cyclops (Orc:2)
  2 yaktaurs (Vaults:4)
  A guardian mummy (Tomb:2)
  A flying skull (Crypt:3)
  36 orc warriors
  2 ogres
  A sky beast (D:9)
  2 centaurs
  18 orc priests
  A hound (D:12)
  10 orc wizards
  6 mummies (Tomb:2)
  81 orcs
  4 fungi (Gauntlet)
  10 plants
  6 tentacles (Shoals:3)
  A withered plant (D:14)
247 creatures vanquished.

Grand Total: 2446 creatures vanquished

Notes
Turn   | Place    | Note
-------+----------+-------------------------------------------
     0 | D:1      | SteelSquire the Hill Orc Fighter began the quest for the
                  | Orb.
     0 | D:1      | Reached XP level 1. HP: 19/19 MP: 1/1
    91 | D:1      | Reached XP level 2. HP: 27/27 MP: 2/2
   148 | D:1      | Reached skill level 3 in Axes
   251 | D:1      | Reached XP level 3. HP: 27/33 MP: 3/3
   901 | D:2      | Reached skill level 4 in Axes
   901 | D:2      | Reached XP level 4. HP: 19/40 MP: 4/4
  1338 | D:2      | Reached XP level 5. HP: 28/46 MP: 5/5
  1343 | D:2      | Noticed Terence
  1415 | D:2      | Killed Terence
  1417 | D:2      | Reached skill level 5 in Axes
  2187 | D:3      | Reached XP level 6. HP: 49/52 MP: 6/6
  2242 | D:3      | Noticed a two-headed ogre
  2662 | D:4      | Found a staircase to the Ecumenical Temple.
  2673 | Temple   | Entered the Ecumenical Temple
  2854 | D:4      | Reached skill level 6 in Axes
  2981 | D:4      | Reached skill level 1 in Stealth
  3090 | D:4      | Became a worshipper of Beogh the Brigand
  3167 | D:4      | Found a glowing golden altar of the Shining One.
  3342 | D:5      | Entered Level 5 of the Dungeon
  3354 | D:5      | Reached XP level 7. HP: 9/60 MP: 7/7
  3445 | D:5      | Reached skill level 5 in Shields
  3462 | D:5      | Upgraded the game from 0.24-a0-412-ge138f7e to
                  | 0.24-a0-415-g6d73c25
  3566 | D:5      | Noticed Grinder
  3595 | D:5      | Killed Grinder
  3595 | D:5      | Reached skill level 5 in Fighting
  3595 | D:5      | Reached skill level 7 in Axes
  3602 | D:5      | Reached XP level 8. HP: 48/69 MP: 8/8
  3626 | D:5      | Reached skill level 8 in Axes
  3626 | D:5      | Reached skill level 1 in Dodging
  3627 | D:5      | Found a deep blue altar of Sif Muna.
  3670 | D:5      | Reached skill level 5 in Armour
  3698 | D:5      | Found a glowing drain.
  3781 | D:5      | Reached * piety under Beogh
  4155 | D:6      | Reached skill level 9 in Axes
  4163 | D:6      | Found a hazy altar of Hepliaklqana.
  4205 | D:6      | Noticed a moth of wrath
  4208 | D:6      | Found a bloodstained altar of Trog.
  4245 | D:6      | Got a faintly glowing whip
  4247 | D:6      | Identified the +7 whip of Joyful Slaughter {protect, MR+
                  | SInv} (You found it on level 6 of the Dungeon)
  4512 | D:6      | Reached XP level 9. HP: 75/75 MP: 9/9
  4565 | D:6      | Found a snail-covered altar of Cheibriados.
  4565 | D:6      | Found a sparkling altar of Nemelex Xobeh.
  4565 | D:6      | Found an ancient bone altar of Kikubaaqudgha.
  4565 | D:6      | Found a hide-covered altar of Uskayaw.
  4690 | D:6      | Reached ** piety under Beogh
  4927 | D:7      | Noticed a hornet
  4936 | D:6      | Killed a hornet
  4936 | D:6      | Reached skill level 10 in Axes
  5773 | D:8      | Reached skill level 11 in Axes
  5893 | D:8      | Found a staircase to the Lair.
  5981 | D:8      | Reached *** piety under Beogh
  6024 | D:8      | Reached XP level 10. HP: 78/86 MP: 10/10
  6186 | D:8      | Reached skill level 12 in Axes
  6280 | D:8      | Reached **** piety under Beogh
  7042 | D:9      | Found Atwos's Jewellery Shoppe.
  7683 | D:10     | Entered Level 10 of the Dungeon
  8092 | D:11     | Killed an unseen horror
  8092 | D:11     | Reached skill level 13 in Axes
  8132 | D:11     | Noticed a manticore
  8140 | D:11     | Killed a manticore
  8229 | D:11     | Killed an unseen horror
  8257 | D:11     | Noticed a two-headed ogre
  8268 | D:11     | Killed a two-headed ogre
  8268 | D:11     | Reached skill level 10 in Shields
  8268 | D:11     | Reached XP level 11. HP: 27/92 MP: 4/11
  8276 | D:11     | Gained mutation: You are resistant to electric shocks.
                  | (rElec) [potion of mutation]
  8276 | D:11     | Gained mutation: You are agile. (Dex +2) [potion of
                  | mutation]
  8276 | D:11     | Gained mutation: You are partially covered in iridescent
                  | scales. (AC +2) [potion of mutation]
  8276 | D:11     | Gained mutation: You are partially covered in yellow
                  | scales. (AC +2) [potion of mutation]
  8421 | D:11     | Reached skill level 14 in Axes
  8830 | D:12     | Noticed a white ugly thing
  8838 | D:12     | Killed a white ugly thing
  8848 | D:12     | Noticed a wizard
  8859 | D:12     | Noticed a manticore
  8859 | D:12     | Paralysed by a wizard for 6 turns
  8867 | D:12     | Killed a wizard
  8869 | D:12     | Killed a manticore
  8905 | D:12     | Found a staircase to the Orcish Mines.
  9026 | D:12     | Reached skill level 15 in Axes
  9062 | D:12     | Found a roughly hewn altar of Beogh.
  9064 | D:12     | Reached ***** piety under Beogh
  9142 | D:12     | Noticed a cyan ugly thing
  9151 | D:12     | Killed a cyan ugly thing
  9151 | D:12     | Reached skill level 1 in Invocations
  9253 | D:13     | Gained Bogdan as an ally
  9268 | D:13     | Noticed a seven-headed hydra
  9279 | D:13     | Killed a seven-headed hydra
  9294 | D:13     | Noticed a tengu warrior
  9306 | D:13     | Killed a tengu warrior
  9307 | D:13     | Noticed a manticore
  9313 | D:13     | Killed a manticore
  9347 | D:13     | Noticed a deep elf mage
  9374 | D:13     | Your ally Bogdan died
  9379 | D:13     | Got a faintly humming chain mail
  9380 | D:13     | Identified the +5 chain mail of Chimes {+Fly rN++ Int-4
                  | Stlth+} (You found it on level 13 of the Dungeon)
  9383 | D:13     | Killed a deep elf mage
  9383 | D:13     | Reached skill level 16 in Axes
  9503 | D:13     | Reached XP level 12. HP: 86/100 MP: 8/12
  9526 | D:13     | Found a frozen archway.
  9547 | IceCv    | Entered an ice cave
  9972 | IceCv    | Noticed a frost giant
 10012 | IceCv    | Killed a frost giant
 10868 | D:14     | Got a fine brass ring
 10874 | D:14     | Identified the ring of Gycsosh {rF+ MR+ Str+4 Int+3 Dex+4}
                  | (You found it on level 14 of the Dungeon)
 10892 | D:14     | Reached skill level 17 in Axes
 10943 | D:14     | Noticed a ghoul
 10963 | D:14     | Killed a ghoul
 10966 | D:14     | Reached XP level 13. HP: 39/110 MP: 13/13
 11018 | D:14     | Noticed a ghoul
 11033 | D:14     | Killed a ghoul
 11040 | D:14     | Noticed a ghoul
 11066 | D:14     | Killed a ghoul
 11118 | D:14     | Found a gateway to a bazaar.
 11130 | Bazaar   | Entered a bazaar
 11198 | Bazaar   | Found Diehigy's Jewellery Boutique.
 11217 | Bazaar   | Found Heutuceu's Magic Scroll Shoppe.
 11233 | Bazaar   | Bought a scroll of identify for 26 gold pieces
 11233 | Bazaar   | Bought a scroll of identify for 26 gold pieces
 11233 | Bazaar   | Bought a scroll of magic mapping for 45 gold pieces
 11260 | Bazaar   | Found Jetuxkic's Weapon Emporium.
 11277 | Bazaar   | Found Oschohuur's Assorted Antiques.
 11282 | Bazaar   | Bought a crude cloak for 294 gold pieces
 11292 | Bazaar   | Identified the cursed -1 cloak "Haom" {rF+ rCorr Int+4}
                  | (You bought it in a shop in a bazaar)
 11338 | D:14     | Gained Boderik as an ally
 11374 | D:14     | Found a flagged portal.
 11390 | Bailey   | Entered a bailey
 11499 | Bailey   | Gained Boruk as an ally
 11518 | Bailey   | Gained Herok as an ally
 11522 | Bailey   | Reached ****** piety under Beogh
 11651 | D:14     | Learned a level 1 spell: Magic Dart
 11743 | D:14     | Noticed a vault guard
 11744 | D:14     | Noticed a vault guard
 11744 | D:14     | Noticed a vault guard
 11744 | D:14     | Noticed a vault guard
 11749 | D:14     | Reached skill level 10 in Fighting
 11751 | D:14     | Killed a vault guard
 11754 | D:14     | Reached skill level 1 in Spellcasting
 11763 | D:14     | Killed a vault guard
 11763 | D:14     | Reached skill level 18 in Axes
 11764 | D:14     | Killed a vault guard
 11765 | D:14     | Found a gate to the Vaults.
 11769 | D:14     | Killed a vault guard
 11879 | D:14     | Reached skill level 10 in Armour
 12145 | D:14     | Got a polished quarterstaff
 12146 | D:14     | Identified the +5 quarterstaff of Hiefyopp {crush, rF+}
                  | (You found it on level 14 of the Dungeon)
 12366 | D:15     | Entered Level 15 of the Dungeon
 12624 | D:15     | Gained Borgk as an ally
 12760 | D:15     | Reached XP level 14. HP: 121/121 MP: 16/18
 13081 | D:15     | Noticed Azrael
 13092 | D:15     | Killed Azrael
 13129 | D:15     | Noticed Kirke
 13132 | D:15     | Gained Okrist as an ally
 13135 | D:15     | Noticed a sphinx
 13138 | D:15     | Paralysed by a sphinx for 7 turns
 13152 | D:15     | Killed Kirke
 13406 | D:15     | Found a staircase to the Depths.
 13435 | Depths:1 | Entered Level 1 of the Depths
 13501 | Depths:1 | Killed a stone giant
 13516 | Depths:1 | Noticed a frost giant
 13518 | Depths:1 | Gained Berold as an ally
 13525 | Depths:1 | Killed a frost giant
 13902 | Depths:1 | Found Ziteud's Jewellery Shop.
 14112 | Depths:1 | Noticed a balrug
 14114 | Depths:1 | Found a gateway to Hell.
 14122 | Depths:1 | Killed a balrug
 14172 | Depths:1 | Found Letaeco's Changing Room.
 14405 | Depths:1 | Noticed a vampire knight
 14416 | Depths:1 | Killed a vampire knight
 14427 | Depths:1 | Gained Borgun as an ally
 14427 | Depths:1 | Reached XP level 15. HP: 104/133 MP: 21/21
 14458 | Depths:1 | Noticed a tengu reaver
 14458 | Depths:1 | Noticed a frost giant
 14461 | Depths:1 | Your ally Boderik died
 14462 | Depths:1 | Your ally Herok died
 14465 | Depths:1 | Your ally Berold died
 14469 | Depths:1 | Your ally Boruk died
 14477 | Depths:1 | Your ally Borgun died
 14481 | Depths:1 | Your ally Borgk died
 14977 | Depths:1 | Reached skill level 1 in Conjurations
 15350 | Orc:1    | Entered Level 1 of the Orcish Mines
 15515 | Orc:2    | Entered Level 2 of the Orcish Mines
 15692 | Orc:2    | Found Buche's Book Shoppe.
 15693 | Orc:2    | Found Osia's Antique Weapon Boutique.
 15696 | Orc:2    | Gained Worak as an ally
 15713 | Orc:2    | Found Dim Seataubo's Distillery.
 15716 | Orc:2    | Found Suluh's Antique Armour Boutique.
 15720 | Orc:2    | Reached skill level 15 in Shields
 15746 | Orc:2    | Found a staircase to the Elven Halls.
 15967 | Orc:2    | Reached skill level 1 in Throwing
 15967 | Orc:2    | Reached skill level 1 in Unarmed Combat
 15967 | Orc:2    | Reached skill level 5 in Spellcasting
 15967 | Orc:2    | Reached skill level 5 in Invocations
 15967 | Orc:2    | Reached skill level 1 in Evocations
 15967 | Orc:2    | Reached XP level 16. HP: 141/141 MP: 23/23
 16942 | Elf:1    | Entered Level 1 of the Elven Halls
 16967 | Elf:1    | Found Ujiy's Magic Scroll Boutique.
 17010 | Elf:1    | You fall into a shaft and drop 1 floor!
 17101 | Elf:2    | Noticed a deep elf blademaster
 17111 | Elf:2    | Killed a deep elf blademaster
 17362 | Elf:2    | Found a runed translucent gate.
 17362 | Elf:2    | Found a runed translucent gate.
 17362 | Elf:2    | Found a runed translucent gate.
 17416 | Elf:2    | Found a magical portal.
 17436 | WizLab   | Entered Zonguldrok's Shrine
 17846 | WizLab   | Noticed an ancient champion
 17856 | WizLab   | Killed an ancient champion
 17856 | WizLab   | Reached skill level 5 in Conjurations
 17858 | WizLab   | Reached XP level 17. HP: 141/149 MP: 25/25
 17919 | WizLab   | Noticed an antique lich
 17930 | WizLab   | Noticed a Tzitzimitl
 17931 | WizLab   | Killed an antique lich
 18066 | WizLab   | Found the +9 sword of Zonguldrok {reap}
 19068 | Elf:2    | Upgraded the game from 0.24-a0-415-g6d73c25 to
                  | 0.24-a0-417-g1cce26a
 19373 | Elf:1    | Reached skill level 19 in Axes
 19814 | Elf:1    | Found a deep blue altar of Sif Muna.
 19815 | Elf:1    | Identified the amulet of Quanih {RegenMP Int+5}
 19919 | Elf:1    | Identified the Tome of the Escort
 19933 | Elf:1    | Identified a scroll of acquirement
 19934 | Elf:1    | Got a pair of smoking boots
 19945 | Elf:1    | Identified the +1 pair of boots of Wrong Decisions {rPois
                  | Int+3} (You acquired it on level 1 of the Elven Halls)
 20121 | Elf:1    | Reached XP level 18. HP: 159/159 MP: 28/28
 20875 | Lair:1   | Entered Level 1 of the Lair of Beasts
 21944 | Lair:2   | Gained Warbeogh as an ally
 22128 | Lair:2   | Gained Bogdar as an ally
 22173 | Lair:2   | Found a hole to the Spider Nest.
 22474 | Lair:3   | Found a gate leading to a gauntlet.
 22496 | Gauntlet | Entered a Gauntlet
 22496 | Gauntlet | Found a transporter.
 22496 | Gauntlet | Found a transporter.
 22511 | Gauntlet | Found a transporter.
 22516 | Gauntlet | Found a transporter.
 22552 | Gauntlet | Found a transporter.
 22552 | Gauntlet | Found a transporter.
 22655 | Gauntlet | Found a transporter.
 22716 | Gauntlet | Got a pair of faintly humming boots
 22717 | Gauntlet | Identified the cursed +0 pair of boots of the Republic
                  | {Regen+ Int+3 SInv} (You found it in a Gauntlet)
 22728 | Gauntlet | Found a transporter.
 22730 | Gauntlet | Found a transporter.
 22747 | Gauntlet | Found a transporter.
 22776 | Gauntlet | Found a transporter.
 22792 | Gauntlet | Got a vibrating tin ring
 22793 | Gauntlet | Identified the ring of Agnosticism {rPois AC+1 Slay+2} (You
                  | found it in a Gauntlet)
 23764 | Lair:4   | Reached skill level 5 in Stealth
 23969 | Lair:4   | Gained Grimold as an ally
 24026 | Lair:4   | Found a staircase to the Shoals.
 24082 | Lair:4   | Gained Margrim as an ally
 24473 | Lair:5   | Found a staircase to the Slime Pits.
 25166 | Lair:6   | Entered Level 6 of the Lair of Beasts
 25233 | Lair:6   | Reached skill level 10 in Invocations
 25375 | Lair:6   | Found a glowing golden altar of the Shining One.
 26363 | Slime:1  | Entered Level 1 of the Pits of Slime
 26420 | Shoals:1 | Entered Level 1 of the Shoals
 27422 | Shoals:2 | Got a twitching glass ring
 27424 | Shoals:2 | Identified the ring "Viebal" {rC+ rN+ MP-9 Int+3 SInv} (You
                  | found it on level 2 of the Shoals)
 27450 | Shoals:2 | Reached XP level 19. HP: 114/168 MP: 23/29
 28580 | Shoals:3 | Found Quak Pimm's Armour Shoppe.
 28612 | Shoals:3 | Bought a +2 pair of gloves of archery for 387 gold pieces
 29158 | Shoals:4 | Entered Level 4 of the Shoals
 29247 | Shoals:4 | Noticed Polyphemus
 29260 | Shoals:4 | Killed Polyphemus
 29261 | Shoals:4 | Gained Rocco as an ally
 29270 | Shoals:4 | Reached skill level 5 in Evocations
 29523 | Shoals:4 | Found the ring of Shadows {Umbra +Inv Stlth+}
 29686 | Shoals:4 | Your ally Rocco died
 29710 | Shoals:4 | Got a barnacled rune of Zot
 30173 | Shoals:4 | Got a shimmering mace
 30174 | Shoals:4 | Identified the +12 mace of the Skies Above {crush, *Noise
                  | rF+ Dex+6} (You found it on level 4 of the Shoals)
 30558 | Spider:1 | Entered Level 1 of the Spider Nest
 30577 | Spider:1 | Reached skill level 15 in Fighting
 30586 | Spider:1 | Reached skill level 20 in Axes
 31127 | Spider:2 | Reached skill level 15 in Armour
 31133 | Spider:2 | Got a pair of ancient gloves
 31134 | Spider:2 | Identified the -1 pair of gloves of the Manifold Beds {rC+}
                  | (You found it on level 2 of the Spider Nest)
 31365 | Spider:2 | Noticed Aizul
 31380 | Spider:2 | Killed Aizul
 31380 | Spider:2 | Reached XP level 20. HP: 116/178 MP: 30/30
 31398 | Spider:2 | Gained Horkud as an ally
 31659 | Spider:3 | Your ally Horkud died
 31685 | Spider:3 | Noticed Arachne
 31932 | Spider:3 | Killed Arachne
 32003 | Spider:3 | Gained Orkwin as an ally
 32535 | Spider:4 | Entered Level 4 of the Spider Nest
 32924 | Spider:4 | Got a gossamer rune of Zot
 33928 | Elf:3    | Entered Level 3 of the Elven Halls
 34006 | Elf:3    | Found a radiant altar of Vehumet.
 34053 | Elf:3    | Noticed Roxanne
 34388 | Elf:3    | Found Zyschip's Gadget Boutique.
 34389 | Elf:3    | Found Jopn's Jewellery Shoppe.
 34389 | Elf:3    | Found Rootutaa's Jewellery Shoppe.
 34454 | Elf:3    | Found the +10 dark maul {crush}
 34697 | Elf:3    | Gained Borgun as an ally
 34699 | Elf:3    | Noticed a Tzitzimitl
 34700 | Elf:3    | Reached XP level 21. HP: 121/188 MP: 29/31
 34702 | Elf:3    | Gained Harm as an ally
 34702 | Elf:3    | Your ally Grimold died
 34705 | Elf:3    | Your ally Warbeogh died
 34705 | Elf:3    | Your ally Borgun died
 34707 | Elf:3    | Your ally Margrim died
 34913 | Elf:3    | Identified the +10 quarterstaff "Ogrebane" {drain, -Tele
                  | rElec Dex+3 Stlth+}
 34927 | Elf:3    | Identified the +9 hand axe of Garebux {chop, *Noise Dex+3
                  | SInv}
 35088 | Elf:3    | Got a bloodstained spear
 35104 | Elf:3    | Identified the +9 spear of Betzauvue {flame, rPois rC+
                  | Str+4 Dex+3} (You found it on level 3 of the Elven Halls)
 35107 | Elf:3    | Identified the Grimoire of Hurtful Clay
 35158 | Elf:3    | Found the +1 cloak of Starlight {rElec rC+ EV+4 Stlth--}
 35161 | Elf:3    | Identified the Collected Works on Torrid Arcane Weapons
 35384 | Orc:2    | Bought a potion of heal wounds for 85 gold pieces
 35384 | Orc:2    | Bought a potion of heal wounds for 85 gold pieces
 35384 | Orc:2    | Bought a potion of heal wounds for 85 gold pieces
 35400 | Orc:2    | Bought a distressingly furry plate armour for 1036 gold
                  | pieces
 35400 | Orc:2    | Identified the +11 plate armour of the King {Int+2} (You
                  | bought it in a shop on level 2 of the Orcish Mines)
 35556 | Vaults:1 | Entered Level 1 of the Vaults
 35779 | Vaults:1 | Found a shattered altar of Ashenzari.
 35782 | Vaults:1 | Found Jissaif's Book Emporium.
 36118 | Vaults:1 | Reached skill level 21 in Axes
 36571 | Vaults:1 | Identified the +1 robe of a Thousand Beggars {-Cast *Contam
                  | Dex+9 Slay+5} (You found it on level 1 of the Vaults)
 37462 | Vaults:2 | Gained Brunolf as an ally
 37526 | Vaults:2 | Found Tulagozal's Gadget Emporium.
 37561 | Vaults:2 | Found a runed translucent gate.
 37562 | Vaults:2 | Found a runed translucent gate.
 37562 | Vaults:2 | Found a runed translucent gate.
 37562 | Vaults:2 | Noticed Mator's ghost (veteran MiFi)
 37585 | Vaults:2 | Reached XP level 22. HP: 198/199 MP: 32/32
 37589 | Vaults:2 | Killed Mator's ghost
 37646 | Vaults:2 | Gained Marbork as an ally
 37752 | Vaults:2 | Found a staircase to the Crypt.
 37752 | Vaults:2 | Found a basalt altar of Yredelemnul.
 37752 | Vaults:2 | Found an ancient bone altar of Kikubaaqudgha.
 37854 | Vaults:2 | Gained Zorug as an ally
 38449 | Vaults:3 | Noticed Mara
 38465 | Vaults:3 | Your ally Zorug died
 38466 | Vaults:3 | Killed Mara
 38591 | Vaults:3 | Your ally Zorug died
 39061 | Vaults:3 | Reached skill level 22 in Axes
 39960 | Vaults:4 | Killed Donald
 40481 | Vaults:4 | Gained Bogbarth as an ally
 40693 | Vaults:4 | Reached XP level 23. HP: 209/209 MP: 33/33
 40896 | Vaults:4 | Gained Wulfoc as an ally
 40945 | Vaults:4 | Noticed Mennas
 40961 | Vaults:4 | Killed Mennas
 41091 | Vaults:5 | Entered Level 5 of the Vaults
 41095 | Vaults:5 | Your ally Bogdar died
 41095 | Vaults:5 | Gained Koronagh as an ally
 41099 | Vaults:5 | Noticed a golden dragon
 41100 | Vaults:5 | Your ally Bogbarth died
 41102 | Vaults:5 | Your ally Harm died
 41111 | Vaults:5 | Killed a golden dragon
 41111 | Vaults:5 | Your ally Marbork died
 41112 | Vaults:5 | Your ally Worak died
 41177 | Vaults:5 | Your ally Wulfoc died
 41177 | Vaults:5 | Your ally Brunolf died
 41188 | Vaults:5 | Your ally Koronagh died
 41201 | Vaults:5 | Your ally Okrist died
 41216 | Vaults:5 | Identified the +4 morningstar "Siely" {crush, rN++ Str+5
                  | Dex-5}
 41441 | Vaults:5 | Identified the ring of Axe Fath {Int+4 Dex+3 SInv}
 41448 | Vaults:5 | Your ally Orkwin died
 41502 | Vaults:5 | Noticed a golden dragon
 41675 | Vaults:5 | Found the -2 hat of the Alchemist {rElec rPois rF+ rC+ rN+
                  | MR+ rMut rCorr}
 41690 | Vaults:5 | Killed a golden dragon
 41711 | Vaults:5 | Got a silver rune of Zot
 41711 | Vaults:5 | Reached skill level 23 in Axes
 41712 | Vaults:5 | Identified the ring "Qapsem" {rElec rPois rF- Dex+2 Stlth-}
 41753 | Vaults:4 | Upgraded the game from 0.24-a0-417-g1cce26a to
                  | 0.24-a0-420-g24607be
 41946 | Vaults:5 | Got a brightly glowing shield
 41947 | Vaults:5 | Identified the cursed -9 shield of True Grit {rC- Dex+5}
                  | (You found it on level 5 of the Vaults)
 41966 | Vaults:5 | Identified Roxanne's Grimoire of Shifting Stones
 42032 | Vaults:5 | Reached XP level 24. HP: 209/221 MP: 33/33
 42308 | Vaults:5 | Got a dazzling short sword
 42309 | Vaults:5 | Identified the cursed +1 short sword of Discord {pain, rN+
                  | Int+7 Dex+4} (You found it on level 5 of the Vaults)
 42499 | Vaults:5 | Got a translucent morningstar
 42500 | Vaults:5 | Identified the +5 morningstar "Grim" {vamp, rElec rN+ MP-9}
                  | (You found it on level 5 of the Vaults)
 43187 | Crypt:1  | Entered Level 1 of the Crypt
 43291 | Crypt:1  | Paralysed by a vampire knight for 3 turns
 43295 | Crypt:1  | Noticed Bai Suzhen
 43308 | Crypt:1  | Killed Bai Suzhen
 43817 | Crypt:2  | Your ally Okrist died
 44073 | Crypt:2  | Noticed Sojobo
 44135 | Crypt:2  | Killed Sojobo
 45138 | Crypt:3  | Entered Level 3 of the Crypt
 45676 | Crypt:3  | Noticed an ancient lich
 45677 | Crypt:3  | Found an ancient bone altar of Kikubaaqudgha.
 45684 | Crypt:3  | Killed an ancient lich
 45753 | Crypt:3  | Noticed Margery
 45785 | Crypt:3  | Killed Margery
 46000 | Crypt:3  | Identified Cigotuvi's Reference Book on Darkness
 46009 | Crypt:3  | Identified the ring of Levity {rElec rN+ Dex-2 Slay+2
                  | Stlth+} (You found it on level 3 of the Crypt)
 46010 | Crypt:3  | Identified the ring of Goniroweig {*Slow rN+ Str+5 Int+2
                  | Dex-2} (You found it on level 3 of the Crypt)
 46269 | Crypt:3  | Noticed Saint Roka
 46276 | Crypt:3  | Reached XP level 25. HP: 189/231 MP: 33/33
 46283 | Crypt:3  | Gained Bogward as an ally
 46465 | Crypt:3  | Found a staircase to the Tomb.
 46486 | Crypt:3  | Got a fine steel amulet
 46487 | Crypt:3  | Identified the amulet of the Pure Spreadsheets {rElec rN++
                  | Regen+ Str-5} (You found it on level 3 of the Crypt)
 46506 | Tomb:1   | Entered Level 1 of the Tomb of the Ancients
 46612 | Tomb:1   | Reached skill level 24 in Axes
 46702 | Tomb:1   | Identified the +2 large shield of Kindness {*Drain +Fly
                  | Str+9} (You found it on level 1 of the Tomb of the
                  | Ancients)
 46846 | Tomb:1   | Noticed a greater mummy
 46849 | Tomb:1   | Noticed a greater mummy
 46860 | Tomb:1   | Your ally Bogward died
 46862 | Tomb:1   | Killed a greater mummy
 46862 | Tomb:1   | Gained Gorm as an ally
 46881 | Tomb:1   | Killed a greater mummy
 47504 | Tomb:2   | Noticed a greater mummy
 47504 | Tomb:2   | Noticed a greater mummy
 47505 | Tomb:2   | Noticed a greater mummy
 47506 | Tomb:2   | Noticed a greater mummy
 47515 | Tomb:2   | Your ally Gorm died
 47515 | Tomb:2   | Your ally died
 47515 | Tomb:2   | Your ally Bogward died
 47516 | Tomb:2   | Your ally Orkwin died
 47799 | Tomb:2   | HP: 9/233 [greater mummy/divine providence (12)]
 47801 | Tomb:2   | Killed a greater mummy
 47807 | Tomb:2   | HP: 11/232 [something] (7)]
 47854 | Tomb:2   | HP: 8/229 [ushabti/vile air (4)]
 47999 | Tomb:2   | Gained Argrim as an ally
 48125 | Tomb:2   | Your ally Argrim died
 48181 | Tomb:2   | Gained Gorm as an ally
 48188 | Tomb:2   | Your ally Gorm died
 48226 | Tomb:2   | HP: 4/226 [death scarab[a greater mummy] (20)]
 48226 | Tomb:2   | Mangled by a death scarab

Levels and vault maps discovered:
D:1:      lightli_arrival_farm, layout_loops_ring
D:2:      layout_loops_ring, first_ration, uniq_terence
D:3:      layout_rooms, minmay_misc_feat_tiny, fedhas_altar_fruit_tree
D:4:      layout_basic, minmay_temple_entry_poolview, tso_altar
D:5:      layout_loops_ring, portal_sewer_entry_d, basic_altar, uniq_grinder
D:6:      layout_rooms, tgw_trog, old_standard_altar,
          grunt_temple_overflow_cloverleaf, centaur_isle
D:7:      layout_loops_cross
D:8:      kennysheep_housing_project, layout_loops_ring, lair_entry_dummy,
          grunt_ogre_cave
D:9:      layout_long_grid, serial_shops, shop, lemuel_flame_loot_1
D:10:     layout_rooms, st_stairs_6, hive_lemuel
D:11:     layout_basic, st_stairs_11
D:12:     layout_big_octagon, minmay_orc_entry_temple_small
D:13:     layout_rooms, portal_ice_cave_entry_pillars_1, minmay_joined_circles
D:14:     layout_roguey, lightli_vaults_fourway_checkpoint, serial_shops,
          freezing_bzr, serial_undead, serial_undead_c, serial_undead_b,
          serial_undead_d, serial_undead_a, serial_undead_b, serial_undead_f,
          serial_undead_f, serial_bayou_shore_a, enter_bailey_3,
          kennysheep_kite_vault
D:15:     grunt_enter_depths_hoard, layout_basic, kennysheep_crisscross,
          minivault_16, minivault_11, uniq_azrael, uniq_rupert, uniq_kirke
Temple:   nicolae_temple_x_marks_the_god
Lair:1:   layout_cave_pods, grunt_megastairs_3
Lair:2:   layout_chaotic_city, spider_nest_entry_webs
Lair:3:   layout_chaotic_city, gauntlet_entry_generic
Lair:4:   cheibrodos_lair_river_kwai, layout_regular_city,
          elwin_shoals_entry_rocks, grunt_megastairs_4,
          infiniplex_staircase_pool_2
Lair:5:   layout_cave_shapes, minmay_slime_entry_pillars,
          infiniplex_staircase_pool, lemuel_fruit_tree
Lair:6:   grunt_lair_end_beastmaster, layout_cave_pods, basic_altar
Shoals:1: argonaut_golden_fleece, layout_shoals
Shoals:2: layout_shoals, nicolae_shoals_circle_sea_wall
Shoals:3: layout_shoals, serial_shops, nicolae_shop_crystal
Shoals:4: shoals_end_hangedman, layout_shoals, uniq_polyphemus
Spider:1: layout_spider_delve
Spider:2: layout_spider_delve, uniq_aizul
Spider:3: layout_spider_delve, drop_trap, uniq_arachne
Spider:4: grunt_spider_rune_circles
Slime:1:  nicolae_slime_pool, layout_caves
Orc:1:    layout_caves, nooodl_orcs_dogs
Orc:2:    st_orc_open, layout_diamond_mine
Elf:1:    layout_geoelf_octagon, serial_shops, nicolae_shop_statue_plus,
          hangedman_elven_crosses_minicolossus, drop_trap,
          roderic_three_in_a_row, ebering_dispersal_statue_hall,
          hangedman_summoners_spam
Elf:2:    layout_geoelf_grid, special_room [special_room_mythical_zoo],
          infiniplex_enter_wizlab_glasses
Elf:3:    minmay_elf_hall_hex, layout_onion_city, basic_altar,
          minmay_shop_grove, uniq_roxanne
Vaults:1: hangedman_vaults_stagger, nicolae_vaults_network_barrier,
          nicolae_vaults_little_squares_6, nicolae_vaults_little_squares_3,
          dpeg_vaults_monster_row, nicolae_vaults_big_ls,
          hangedman_vaults_stream, vaults_room_corners,
          ontoclasm_vaults_ligature, vaults_room_pools, grunt_vaults_diagonal,
          layout_vaults_omnibox, serial_shops, shop, basic_altar
Vaults:2: gammafunk_vaults_ghost_spectres, ontoclasm_vaults_ring_square,
          vaults_room_boxed, nicolae_vaults_little_squares_1, v_misc_29,
          hangedman_vaults_capsules, vaults_room_door_hall,
          minmay_crypt_entry_necro_gods, v_rooms_3, vaults_dpeg_encased_lava,
          hangedman_vaults_slice, nicolae_vaults_circle_grid_a,
          nicolae_vaults_little_squares_4, layout_vaults_big_cross,
          serial_shops, nicolae_shop_window_shopping
Vaults:3: nicolae_vaults_puzzle_piece, nicolae_vaults_arrows, serial_ice_h,
          nicolae_vaults_gold_heap, ontoclasm_vaults_bender,
          nicolae_vaults_border_crossing, hangedman_vaults_unwind,
          nicolae_vaults_theta, v_pattern_3, layout_vaults_omnigrid, uniq_mara
Vaults:4: nicolae_vaults_network_quinsquares
          [nicolae_vaults_network_quincunx_subvault,
          nicolae_vaults_network_quincunx_subvault,
          nicolae_vaults_network_quincunx_subvault,
          nicolae_vaults_network_quincunx_subvault], v_misc_28,
          ontoclasm_vaults_ring_square, v_misc_5, ontoclasm_vaults_ring_square,
          vaults_dpeg_diagonal, vaults_room_fours,
          nicolae_vaults_ring_of_whatevers, v_rooms_6, nicolae_vaults_rhombus_6,
          nicolae_vaults_little_squares_2, nicolae_vaults_ring_of_whatevers,
          layout_vaults_big_room, uniq_mennas, uniq_donald
Vaults:5
Crypt:1:  layout_catacombs, grunt_ministairs_8, uniq_bai_suzhen
Crypt:2:  layout_misc_corridors, roderic_lattice_octagonal_star, uniq_sojobo
Crypt:3:  cryptofortress_bobbens, uniq_saint_roka, uniq_margery
Tomb:1
Tomb:2
Depths:1: layout_cave_shapes, hellmouth_1, minmay_stone_trees_small,
          grunt_ministairs_4, nicolae_transmutations_shop,
          kennysheep_nondescript, minmay_shop_enchanted_jewellery,
          horrible_house_mu, serial_bayou_shore_b

Skill      XL: |  1  2  3  4  5  6  7  8  9 10 11 12 13 14 15 16 17 18 19 20 21 22 23 24 25 |
---------------+----------------------------------------------------------------------------+-----
Axes           | 3 4 5 6 7 9 11 13 16 17 18 19 20 21 22 23 24 | 24.2
Fighting       | 4 5 6 7 9 10 12 13 14 15 16 17 18 19 20 | 20.6
Armour         | 4 5 6 7 8 9 10 12 13 14 15 16 17 18 19 | 19.1
Shields        | 4 5 6 8 10 11 12 13 14 15 16 17 18 19 21 22 23 | 23.3
Stealth        | 1 2 3 4 5 6 |  6.1
Dodging        | 1 |  1.7
Invocations    | 1 5 6 9 10 12 13 14 | 14.0
Spellcasting   | 2 4 5 6 7 |  7.2
Conjurations   | 3 5 6 7 |  7.5
Throwing       | 1 2 |  2.5
Unarmed Combat | 1 |  1.8
Evocations     | 1 2 4 6 8 |  8.8

Action                   |  1- 3 |  4- 6 |  7- 9 | 10-12 | 13-15 | 16-18 | 19-21 | 22-24 | 25-27 || total
-------------------------+-------+-------+-------+-------+-------+-------+-------+-------+-------++-------
Melee: War axe           |    93 |   218 |   442 |       |       |       |       |       |       ||   753
       Broad axe         |       |       |    35 |   644 |   389 |  1122 |  1110 |   982 |   165 ||  4447
       Whip              |       |       |       |     7 |       |       |       |       |       ||     7
       Unarmed           |       |       |       |       |       |       |    32 |       |       ||    32
Throw: Boomerang         |       |       |       |     3 |       |    23 |    24 |     4 |     7 ||    61
 Cast: Magic Dart        |       |       |       |       |     1 |     1 |       |       |       ||     2
Invok: Convert to Beogh  |       |     1 |       |       |       |       |       |       |       ||     1
       Smiting           |       |       |       |     4 |     6 |       |     2 |     3 |     5 ||    20
       Give Item to Name |       |       |       |       |     6 |     5 |     5 |     4 |     4 ||    24
       Recall Orcish Fol |       |       |       |       |     2 |     1 |     1 |     4 |     4 ||    12
       Resurrection      |       |       |       |       |       |     1 |       |     3 |     1 ||     5
Evoke: Wand              |       |       |       |       |     1 |     8 |     6 |     4 |     5 ||    24
       Lightning rod     |       |       |       |       |     2 |    16 |     6 |     2 |     2 ||    28
       Lamp of fire      |       |       |       |       |       |     1 |       |       |       ||     1
       Phial of floods   |       |       |       |       |       |     1 |     4 |     1 |     1 ||     7
  Use: Scroll            |       |       |     2 |    19 |     6 |    14 |    14 |    10 |    12 ||    77
       Potion            |       |       |     6 |     5 |     3 |     1 |     2 |     2 |    10 ||    29
 Stab: Paralysed         |       |       |       |     2 |     1 |       |       |       |       ||     3
       Distracted        |       |       |       |     2 |    11 |     8 |    13 |    15 |     3 ||    52
       Confused          |       |       |       |       |       |     5 |       |       |       ||     5
       Petrified         |       |       |       |       |       |     2 |    10 |       |       ||    12
       Petrifying        |       |       |       |       |       |     1 |       |       |       ||     1
       Held in net/web   |       |       |       |       |       |       |     2 |       |       ||     2
       Invisible         |       |       |       |       |       |       |       |       |     5 ||     5
  Eat: Chunk             |       |     7 |    11 |    14 |    10 |    27 |    23 |    10 |       ||   102
       Ration            |       |       |     2 |     1 |     2 |     3 |     3 |     5 |     3 ||    19
Armor: Scale mail        |    25 |       |       |       |       |       |       |       |       ||    25
       Chain mail        |    10 |   112 |   205 |   358 |   154 |   331 |   421 |       |       ||  1591
       Plate armour      |       |       |       |       |       |       |    50 |   352 |    56 ||   458
Dodge: Dodged            |    17 |    24 |    81 |   115 |    72 |   138 |   226 |   141 |    23 ||   837
Block: Shield            |    12 |       |       |       |       |       |       |       |       ||    12
       Large shield      |    58 |   204 |   444 |   748 |   411 |  1003 |  1602 |  1109 |   179 ||  5758
       Reflection        |       |       |       |       |    19 |    46 |   110 |    75 |     3 ||   253

Table legend:
 A = Non-vault XP
 B = Vault XP
 C = Vault XP percentage of total XP
 D = Non-vault monster count
 E = Vault monster count
 F = Vault count percentage of total count
                 A         B        C        D         E       F
            +---------+---------+-------+---------+---------+-------
      Total |  417766 |  555784 |  57.1 |    1269 |     889 |  41.2
            +---------+---------+-------+---------+---------+-------
        D:1 |      91 |       0 |   0.0 |      31 |       0 |   0.0
        D:2 |     172 |      36 |  17.3 |      25 |       1 |   3.8
        D:3 |      71 |       0 |   0.0 |       9 |       0 |   0.0
        D:4 |     203 |       0 |   0.0 |      17 |       0 |   0.0
        D:5 |     782 |     290 |  27.1 |      20 |       2 |   9.1
        D:6 |    1332 |      13 |   1.0 |      31 |       5 |  13.9
        D:7 |     833 |       0 |   0.0 |      21 |       0 |   0.0
        D:8 |     947 |    1126 |  54.3 |      21 |      31 |  59.6
        D:9 |     944 |       0 |   0.0 |      23 |       0 |   0.0
       D:10 |     270 |     621 |  69.7 |       8 |      11 |  57.9
       D:11 |    3018 |     708 |  19.0 |      17 |       3 |  15.0
       D:12 |    3586 |     124 |   3.3 |      19 |       4 |  17.4
       D:13 |    3199 |     869 |  21.4 |      19 |      10 |  34.5
       D:14 |    2689 |   15520 |  85.2 |      12 |      48 |  80.0
       D:15 |   14426 |    6650 |  31.6 |      44 |      18 |  29.0
     Lair:1 |    4174 |     355 |   7.8 |      19 |       1 |   5.0
     Lair:2 |    5843 |       0 |   0.0 |      28 |       0 |   0.0
     Lair:3 |    3758 |       0 |   0.0 |      19 |       0 |   0.0
     Lair:4 |    9072 |    2327 |  20.4 |      37 |       7 |  15.9
     Lair:5 |    3785 |     816 |  17.7 |      19 |       4 |  17.4
     Lair:6 |    5998 |    8888 |  59.7 |      20 |      16 |  44.4
   Shoals:1 |    9397 |    1996 |  17.5 |      21 |       2 |   8.7
   Shoals:2 |   11167 |       0 |   0.0 |      26 |       0 |   0.0
   Shoals:3 |    9708 |       0 |   0.0 |      24 |       0 |   0.0
   Shoals:4 |    7011 |   24272 |  77.6 |      17 |      34 |  66.7
   Spider:1 |   18544 |       0 |   0.0 |      53 |       0 |   0.0
   Spider:2 |   16904 |    1617 |   8.7 |      58 |       1 |   1.7
   Spider:3 |   19764 |    2896 |  12.8 |      51 |       1 |   1.9
   Spider:4 |   12479 |   17994 |  59.0 |      43 |      37 |  46.2
    Slime:1 |     552 |       0 |   0.0 |       2 |       0 |   0.0
      Orc:1 |    2249 |     509 |  18.5 |      14 |       6 |  30.0
      Orc:2 |    2778 |   12439 |  81.7 |      24 |      37 |  60.7
      Elf:1 |   18339 |   13085 |  41.6 |      35 |      26 |  42.6
      Elf:2 |   12423 |   31897 |  72.0 |      28 |      56 |  66.7
      Elf:3 |   26374 |   36305 |  57.9 |      42 |      37 |  46.8
   Vaults:1 |   18402 |   22115 |  54.6 |      37 |      39 |  51.3
   Vaults:2 |   41468 |   32832 |  44.2 |      82 |      45 |  35.4
   Vaults:3 |   14216 |   35774 |  71.6 |      25 |      44 |  63.8
   Vaults:4 |   33888 |   16662 |  33.0 |      55 |      15 |  21.4
   Vaults:5 |    7760 |  103445 |  93.0 |      18 |      96 |  84.2
    Crypt:1 |   26615 |    6191 |  18.9 |      50 |       3 |   5.7
    Crypt:2 |   12845 |    5262 |  29.1 |      24 |       2 |   7.7
    Crypt:3 |       0 |   74528 | 100.0 |       0 |      98 | 100.0
     Tomb:1 |    1246 |   29494 |  95.9 |       9 |      34 |  79.1
     Tomb:2 |    2245 |   15894 |  87.6 |      10 |      28 |  73.7
   Depths:1 |   13215 |    6825 |  34.1 |      30 |      14 |  31.8
     Bailey |       0 |    2017 | 100.0 |       0 |      13 | 100.0
      IceCv |       0 |    8997 | 100.0 |       0 |      36 | 100.0
     WizLab |   12984 |    5410 |  29.4 |      32 |       5 |  13.5
   Gauntlet |       0 |    8985 | 100.0 |       0 |      19 | 100.0
            +---------+---------+-------+---------+---------+-------
